 Dungeon Crawl Stone Soup version 0.19-a0-1608-g4cf22de (webtiles) character file.

1807 4thArraOfDagon the Carver (level 8, -7/63 HPs)
             Began as a Vampire Gladiator on Sept 17, 2016.
             Was a Believer of Cheibriados.
             Mangled by a gnoll sergeant
             ... wielding a +0 halberd
              (11 damage)
             ... in a bailey.
             The game lasted 00:12:42 (1931 turns).

4thArraOfDagon the Carver (Vampire Gladiator)       Turns: 1931, Time: 00:12:42

Health: -7/63      AC: 11    Str: 23    XL:     8   Next: 84%
Magic:  10/10      EV: 10    Int: 15    God:    Cheibriados [**....]
Gold:   29         SH:  0    Dex: 20    Spells: 0 memorised, 7 levels left

rFire  . . .     SeeInvis +     a - +0 long sword (curse)
rCold  . . .     Gourm    +     g - +0 plate armour (curse)
rNeg   . . .     Faith    .     (no shield)
rPois  .         Spirit   .     q - +1 hat
rElec  .         Dismiss  .     (no cloak)
rCorr  .         Reflect  .     (no gloves)
MR     .....     Harm     .     (no boots)
Stlth  ..........               l - amulet of the gourmand
                                (no ring)
                                (no ring)

@: mighty, regenerating quickly, very slow
A: fangs 3, see invisible, unbreathing
a: Bend Time, Renounce Religion


You were in a bailey.
You worshipped Cheibriados.
Cheibriados was pleased with you.
You were almost alive.

You visited 1 branch of the dungeon, and saw 9 of its levels.
You also visited: Ossuary and Bailey.

You collected 161 gold pieces.
You spent 132 gold pieces at shops.

Inventory:

Hand Weapons
 a - a cursed +0 long sword (weapon)
Missiles
 h - a tomahawk of returning (quivered)
Armour
 b - a +0 leather armour
 c - a +0 helmet
 g - a cursed +0 plate armour (worn)
 q - a +1 hat (worn)
 y - a +0 ring mail
Jewellery
 l - an amulet of the gourmand (around neck)
Wands
 u - a wand of flame (28/48)
Scrolls
 e - a scroll of teleportation {unknown}
 f - a scroll of recharging {unknown}
 n - a scroll of amnesia {unknown}
 p - a scroll of enchant armour {unknown}
 s - a scroll of fog {unknown}
Potions
 d - 2 potions of cure mutation
 i - a potion of haste
 k - 2 potions of brilliance
 o - 7 potions of blood
 t - 2 potions of curing
 v - a potion of lignification
 x - 2 potions of degeneration


   Skills:
 + Level 5.4 Fighting
 * Level 8.2 Long Blades
 - Level 1.5 Throwing
 + Level 6.7 Dodging
 + Level 2.8 Invocations


You had 7 spell levels left.
You didn't know any spells.

Dungeon Overview and Level Annotations

Branches:
Dungeon (9/15)
 Temple: D:4-7         Lair: D:8-11         Orc: D:9-12

Altars:
Cheibriados
Yredelemnul

Shops:
D:4 (   D:9 !

Annotations:
D:2 1 exclusion
D:6 Prince Ribbit


Innate Abilities, Weirdness & Mutations

Your natural rate of healing is unusually fast.
You have razor-sharp teeth.
You have supernaturally acute eyesight. (SInv)
You can survive without breathing.


Message History

Unknown command.
You slash the gnoll shaman! Your bite misses the gnoll shaman.
The gnoll shaman is severely wounded.
The gnoll sergeant barely misses you.
The gnoll shaman hits you with a trident.
You slice the gnoll shaman!!
You kill the gnoll shaman!
Cheibriados appreciates the change of pace.
The gnoll sergeant hits you from afar with a glaive!
The gnoll sergeant hits you from afar with a halberd!
* * * LOW HITPOINT WARNING * * *
You are too injured to fight recklessly!
You are too injured to fight recklessly!
Unknown command.
As you read the scroll labeled OHUYVV NUSUO, it crumbles to dust.
You speak a Word of immense power!
You are blasted by holy energy!
* * * LOW HITPOINT WARNING * * *
It was a scroll of holy word.
The gnoll misses you.
The gnoll sergeant hits you from afar with a halberd!
You die...

≈≈.. ♣.≈..# ♣♣.≈..#
♣..≈..# ♣..≈..# ###
♣♣..≈..# ...#
♣♣...≈..##### .....
#♣♣♣)......'..@#...$..
#∩..)......'...ggg.8..
#♣♣♣.......'...#gg.$..
♣♣...≈..######.....
♣...≈..# #...#
♣...≈..# #### ♣♣..≈..#
♣♣.≈..# ♣.≈..#


You could see 2 gnoll sergeants and 3 gnolls.

Vanquished Creatures
  Grinder (D:5)
  Sigmund (D:5)
  A wyvern (D:8)
  A necrophage (D:9)
  2 centaurs
  A big kobold (D:7)
  3 bullfrogs
  A gnoll sergeant (Bailey)
  2 scorpions
  2 killer bees (D:9)
  A centaur zombie (Ossuary)
  4 hounds
  An orc priest (D:5)
  A bullfrog zombie (D:6)
  2 jellies
  A gnoll shaman (Bailey)
  An iguana (D:5)
  An orc wizard (D:9)
  A worker ant (D:5)
  A hound skeleton (D:5)
  2 worker ant zombies (D:5)
  A howler monkey zombie (D:5)
  2 gnolls (Bailey)
  5 adders
  A shadow imp (D:9)
  An ooze (D:7)
  A worm (D:5)
  A leopard gecko (D:5)
  14 orcs
  2 giant cockroaches
  2 gnoll zombies (D:6)
  4 goblins (D:9)
  4 hobgoblins
  2 jackals (D:7)
  8 kobolds
  3 quokkas
  2 bats (D:2)
  A leopard gecko skeleton (D:6)
  A quokka skeleton (D:7)
  A rat (D:2)
87 creatures vanquished.

Notes
Turn   | Place    | Note
-------+----------+-------------------------------------------
     0 | D:1      | 4thArraOfDagon the Vampire Gladiator began the quest for the Orb.
     0 | D:1      | Reached XP level 1. HP: 16/16 MP: 1/1
    20 | D:1      | jacquesderrida: +0 robe is my favourite
    20 | D:1      | MyOtheHedgeFox: ONCE MORE INTO BITING
    20 | D:1      | jacquesderrida: I recommend to everyone
    40 | D:1      | 4thArraOfDagon: this will be THAT MAGICAL GAME
    40 | D:1      | MyOtheHedgeFox: Look at his helmet.
    40 | D:1      | 4thArraOfDagon: THAT MAGICAL LIFE
    40 | D:1      | jacquesderrida: Yes
    40 | D:1      | MyOtheHedgeFox: This is the Iron Maiden helmet.
    73 | D:1      | jacquesderrida: The itans are real imo
    84 | D:2      | jacquesderrida: tbqh
   133 | D:2      | NICE
   133 | D:2      | MyOtheHedgeFox: NO
   133 | D:2      | 4thArraOfDagon: making note
   133 | D:2      | MyOtheHedgeFox: IT's A HOBGOBLIN
   133 | D:2      | 4thArraOfDagon: while someone enters game
   133 | D:2      | MyOtheHedgeFox: WATCH OUT
   133 | D:2      | 4thArraOfDagon: freezes
   141 | D:2      | Turgon: it was me who entered
   141 | D:2      | MyOtheHedgeFox: Phew!
   141 | D:2      | 4thArraOfDagon: freezes realms!
   149 | D:2      | Turgon: while you made a note
   152 | D:2      | Reached XP level 2. HP: 22/22 MP: 2/2
   187 | D:2      | MyOtheHedgeFox: SIf Muna!
   292 | D:3      | Turgon: @? executioner
   293 | D:3      | beem: Executioner (1)
                  | Spd:
    20 | HD: 12   | HP: 53-78
                  | AC/EV: 10/15
                  | Dam: 30, 10, 10
                  | demonic, doors, fighter, evil, see invisible
                  | Res: magic(140), fire, cold, elec, poison, rot, neg+++, torm
                  | Vul: holy++
                  | XP: 2310
                  | Sp: pain (d14) [!sil], haste [!sil]
                  | Sz: Large
                  | Int: human.
   321 | D:4      | Noticed a scorpion
   358 | D:4      | Killed a scorpion
   358 | D:4      | Reached skill level 4 in Long Blades
   358 | D:4      | Reached XP level 3. HP: 22/28 MP: 3/3
   358 | D:4      | Reached XP level 4. HP: 27/34 MP: 4/4
   470 | D:5      | Entered Level 5 of the Dungeon
   473 | D:5      | MyOtheHedgeFox: Mapping! Nice!
   479 | D:5      | wazuzu: XYELU
   489 | D:4      | Found Fymaud's Weapon Shop.
   503 | D:4      | MyOtheHedgeFox: AXE
   507 | D:4      | MyOtheHedgeFox: OF FLAMING
   589 | D:5      | Found a sand-covered staircase.
   592 | Ossuary  | Entered an ossuary
   599 | Ossuary  | bed
   643 | D:5      | Noticed Sigmund
   645 | D:5      | MyOtheHedgeFox: SIGMUND
   659 | D:5      | Killed Sigmund
   659 | D:5      | Reached skill level 5 in Long Blades
   659 | D:5      | Reached XP level 5. HP: 41/41 MP: 5/5
   659 | D:5      | Reached XP level 6. HP: 47/47 MP: 6/6
   682 | D:5      | MyOtheHedgeFox: You berserked everything around yourself, including torches.
   739 | D:5      | Noticed Grinder
   784 | D:5      | Found a snail-covered altar of Cheibriados.
   785 | D:5      | WHY
   793 | D:5      | Became a worshipper of Cheibriados the Contemplative
   794 | D:5      | WHY NOT
   799 | D:5      | Paralysed by Grinder for 6 turns
   823 | D:5      | MyOtheHedgeFox: Arra, do you NEED to worship the first god you see?
   824 | D:5      | Was placed under penance by Cheibriados
   834 | D:5      | Killed Grinder
   834 | D:5      | Reached skill level 6 in Long Blades
   834 | D:5      | Reached skill level 5 in Dodging
   834 | D:5      | Reached XP level 7. HP: 53/53 MP: 7/7
   844 | D:5      | 4thArraOfDagon: yua
   864 | D:5      | Was forgiven by Cheibriados
   868 | D:5      | MyOtheHedgeFox: Also, you've penanced yourself due to that berserker rage.
   875 | D:5      | jacquesderrida: It's dagin
   904 | D:5      | jacquesderrida: No
   926 | D:5      | jacquesderrida: Never
   926 | D:5      | Turgon: Chei will soon forgive him
   947 | D:5      | MyOtheHedgeFox: He already did, actually.
   966 | D:6      | Turgon: oh!
   969 | D:6      | Noticed Prince Ribbit
   974 | D:6      | Turgon: even faster than I thought
   976 | D:5      | jacquesderrida: wat
  1011 | D:6      | wazuzu: Chei is kind
  1036 | D:6      | Found a basalt altar of Yredelemnul.
  1075 | D:6      | jacquesderrida: How would he be able to berserk twice by D5
  1133 | D:6      | jacquesderrida: And intentionally for that matter
  1232 | D:7      | Reached * piety under Cheibriados
  1256 | D:7      | Noticed a two-headed ogre
  1284 | D:8      | better
  1365 | D:8      | Noticed a wyvern
  1377 | D:8      | Killed a wyvern
  1377 | D:8      | Reached skill level 7 in Long Blades
  1377 | D:8      | Reached skill level 1 in Invocations
  1377 | D:8      | Reached XP level 8. HP: 14/61 MP: 2/8
  1387 | D:8      | jacquesderrida: Can't wake up
  1487 | D:8      | HP: 3/61 [centaur (6)]
  1489 | D:8      | jacquesderrida: WAKE ME UP
  1500 | D:8      | MyOtheHedgeFox: Phew.
  1658 | D:9      | jacquesderrida: wow
  1664 | D:9      | jacquesderrida: It's happening
  1672 | D:9      | jacquesderrida: The battle is real
  1695 | D:9      | jacquesderrida: Also SHEPP
  1706 | D:9      | Reached skill level 5 in Fighting
  1770 | D:9      | Found Atirph's Distillery.
  1775 | D:9      | Bought a potion of lignification for 33 gold pieces
  1775 | D:9      | Bought a potion of might for 44 gold pieces
  1775 | D:9      | Bought a potion of curing for 33 gold pieces
  1775 | D:9      | Bought 2 potions of degeneration for 22 gold pieces
  1818 | D:9      | Reached skill level 8 in Long Blades
  1820 | D:9      | MyOtheHedgeFox: Fortress?
  1828 | D:9      | jacquesderrida: wow
  1842 | D:9      | Found a flagged portal.
  1847 | Bailey   | Entered a bailey
  1872 | Bailey   | Reached ** piety under Cheibriados
  1903 | Bailey   | wazuzu: Bailey, very good, nice loots /s
  1915 | Bailey   | jacquesderrida: rude
  1931 | Bailey   | Mangled by a gnoll sergeant

Vault maps used:
D:1:      minmay_arrival_stone_box, minmay_lizard_king
D:2:      xom_teletrap_fun, lemuel_blue_sif_altar, first_bread, uniq_jessica
D:4:      serial_shops, nicolae_shop_waterfront
D:5:      slow_altar_1, lightli_ossuary_entry_decrepit_ruins, uniq_grinder,
          uniq_sigmund
D:6:      lemuel_zombie_altar_yredelemnul, uniq_duvessa, uniq_prince_ribbit1
D:9:      nicolae_overflow_crystal_walls, serial_shops, nicolae_shop_waterfront,
          enter_bailey_3, hangedman_little_slice_of_home
Ossuary:  ossuary_minmay_scorpions
Bailey:   bailey_polearm_gnolls_kennysheep, bailey

Skill      XL: |  1  2  3  4  5  6  7  8 |
---------------+-------------------------+-----
Fighting       | 2 3 4 5 |  5.4
Long Blades    | 4 5 6 7 8 |  8.2
Dodging        | 4 5 6 |  6.7
Invocations    | 1 2 |  2.8
Throwing       | |  1.5

Action                   |  1- 3 |  4- 6 |  7- 9 || total
-------------------------+-------+-------+-------++-------
Melee: Long sword        |    47 |    98 |   306 ||   451
       Bite              |     9 |    12 |    40 ||    61
Throw: Throwing net      |     2 |     1 |     3 ||     6
Invok: Bend Time         |       |       |     3 ||     3
  Use: Potion            |     1 |     9 |     4 ||    14
       Scroll            |       |     5 |     4 ||     9
 Stab: Held in net/web   |     2 |       |     1 ||     3
       Invisible         |       |     2 |       ||     2
  Eat: Corpse            |     4 |       |     5 ||     9
Armor: Plate armour      |    24 |    53 |   222 ||   299
Dodge: Dodged            |     7 |    25 |   141 ||   173
